 Dungeon Crawl Stone Soup version 0.19.4-9-g45fd643 (webtiles) character file.

136 protoss039 the Conjurer (level 4, 0/35 HPs)
             Began as a Draconian Conjurer on Feb 17, 2017.
             Killed from afar by an orc wizard (7 damage)
             ... with a puff of flame
             ... on level 3 of the Dungeon.
             The game lasted 00:10:36 (3239 turns).

protoss039 the Conjurer (Draconian Conjurer)        Turns: 3239, Time: 00:10:38

Health: 0/35       AC:  6    Str: 11    XL:     4   Next: 98%
Magic:  1/7        EV: 12    Int: 16    God:
Gold:   129        SH:  0    Dex: 11    Spells: 1 memorised, 6 levels left

rFire  . . .     SeeInvis .     c - +0 dagger
rCold  . . .     Gourm    .     (armour unavailable)
rNeg   . . .     Faith    .     (no shield)
rPois  .         Spirit   .     (helmet restricted)
rElec  .         Reflect  .     g - +0 cloak
rCorr  .         Harm     .     (no gloves)
MR     .....                    (no boots)
Stlth  ++........               (no amulet)
                                (no ring)
                                (no ring)

@: lethally poisoned (0 -> -15), flying
A: unfitting armour, cold-blooded, AC +5
a: no special abilities


You were on level 3 of the Dungeon.
You were very hungry.

You visited 1 branch of the dungeon, and saw 3 of its levels.

You collected 129 gold pieces.

Inventory:

Hand Weapons
 c - a +0 dagger (weapon)
Armour
 g - a +0 cloak (worn)
Wands
 l - a wand of disintegration (12/24)
Scrolls
 d - 2 scrolls of identify {unknown}
 f - a scroll of remove curse {unknown}
 i - a scroll of teleportation {unknown}
 j - a scroll of fog {unknown}
Books
 a - a book of Conjurations

   Spells                             Type                      Level
   a - Magic Dart                     Conjuration                  1
   b - Searing Ray                    Conjuration                  2
   c - Dazzling Spray                 Conjuration/Hexes            3
   d - Fulminant Prism                Conjuration/Hexes            4
   e - Iskenderun's Mystic Blast      Conjuration                  4
   f - Iskenderun's Battlesphere      Conjuration/Charms           5
Comestibles
 b - 3 bread rations


   Skills:
 - Level 1.3 Fighting
 - Level 1.0 Short Blades
 - Level 1.7 Dodging
 - Level 1.7 Stealth
 - Level 2.0 Spellcasting
 + Level 6.0 Conjurations


You had 6 spell levels left.
You knew the following spells:

 Your Spells              Type           Power        Failure   Level  Hunger
a - Magic Dart            Conj           ###.         1%          1    #......


Dungeon Overview and Level Annotations

Branches:
Dungeon (3/15)

Altars:
Sif Muna

Annotations:
D:2 exclusion: 2 downstairs


Innate Abilities, Weirdness & Mutations

Your plain brown scales are hard. (AC +5)
You cannot fit into any form of body armour.
You are cold-blooded and may be slowed by cold attacks.


Message History

The magic dart hits you!
* * * LOW HITPOINT WARNING * * *
Unknown command.
Sorry, you're not good enough to have a special ability.
Unknown command.
Unknown command.
Unknown command.
You barely miss the orc wizard.
You tail-slap the orc wizard, but do no damage.
The orc wizard is severely wounded.
* * * LOW HITPOINT WARNING * * *
You feel sick. The orc barely misses you.
The orc wizard hits you but does no damage.
You closely miss the orc wizard.
The orc wizard is severely wounded.
* * * LOW HITPOINT WARNING * * *
You feel sick. The orc wizard casts a spell at you. The puff of flame hits you!
You die...

....## ##.##..............##
.....####.#................#
........#.........)........#
....###..#.#...............#
########.....)..........>..#
#........##................#
..######.##...............##
)[#### #.###....oo.#.....##
#<)..###.# ###..@#########
####.....# ##..# #####.#
#..#### ### #.....# #.....#
##....# #....# #....# #....#


You could see an orc wizard and an orc.

Vanquished Creatures
  An orc priest (D:3)
  3 gnolls
  An adder (D:2)
  An ooze (D:1)
  2 worms (D:2)
  A dart slug (D:1)
  2 leopard geckos (D:2)
  3 orcs (D:3)
  2 giant cockroaches (D:1)
  8 goblins
  3 hobgoblins
  2 jackals (D:2)
  3 bats
  8 frilled lizards
  13 kobolds
  3 rats
56 creatures vanquished.

Notes
Turn   | Place    | Note
-------+----------+-------------------------------------------
     0 | D:1      | protoss039 the Draconian Conjurer began the quest for the Orb.
     0 | D:1      | Reached XP level 1. HP: 14/14 MP: 3/3
   301 | D:1      | Reached XP level 2. HP: 19/20 MP: 1/5
  1021 | D:2      | Reached XP level 3. HP: 27/27 MP: 2/6
  1179 | D:2      | Reached skill level 5 in Conjurations
  1341 | D:2      | Found a faded altar of an unknown god.
  1649 | D:2      | Found a deep blue altar of Sif Muna.
  1844 | D:2      | Reached skill level 1 in Fighting
  2250 | D:3      | Reached skill level 1 in Short Blades
  2250 | D:3      | Reached XP level 4. HP: 35/35 MP: 3/7
  3212 | D:3      | Reached skill level 6 in Conjurations
  3239 | D:3      | Killed from afar by an orc wizard

Skill      XL: |  1  2  3  4 |
---------------+-------------+-----
Conjurations   | 5 6 |  6.0
Fighting       | 1 |  1.3
Short Blades   | 1 |  1.0
Dodging        | |  1.7
Stealth        | |  1.7
Spellcasting   | |  2.0

Action                   |  1- 3 |  4- 6 || total
-------------------------+-------+-------++-------
Melee: Dagger            |    54 |    56 ||   110
       Unarmed           |     1 |       ||     1
       Tailslap          |     9 |     4 ||    13
 Cast: Magic Dart        |    97 |    32 ||   129
  Use: Potion            |       |     2 ||     2
  Eat: Chunk             |     6 |     1 ||     7
       Beef jerky        |       |     1 ||     1
Armor: Skin              |    32 |    23 ||    55
Dodge: Dodged            |    56 |    49 ||   105
